 Dungeon Crawl Stone Soup version 0.23-a0-139-ga22e90c (webtiles) character file.

123 Amnesiac the Gusty (level 4, -5/30 HPs)
             Began as a Mummy Air Elementalist on Aug 30, 2018.
             Slain by an iguana (10 damage)
             ... on level 4 of the Dungeon.
             The game lasted 00:04:29 (1864 turns).

Amnesiac the Gusty (Mummy Air Elementalist)         Turns: 1864, Time: 00:04:29

Health: -5/30      AC:  4    Str: 11    XL:     4   Next: 79%
Magic:  3/10       EV: 12    Int: 15    God:
Gold:   143        SH:  0    Dex: 12    Spells: 4/11 levels left

rFire    x . .     SeeInvis .   n - +2 trident (venom)
rCold    + + .     Gourm    .   (no shield)
rNeg     + + +     Faith    .   a - +0 robe
rPois    ∞         Spirit   .   (no helmet)
rElec    .         Reflect  .   j - +0 cloak
rCorr    +         Harm     .   (no gloves)
MR       .....                  i - +0 pair of boots
Stlth    ++........             (no amulet)
HPRegen  0.10/turn              k - ring of resist corrosion
MPRegen  0.12/turn              l - ring of protection from cold

@: no status effects
A: no food or potions, fire vulnerability, cold resistance 1, negative energy
resistance 3, torment resistance, unbreathing
a: no special abilities


You were on level 4 of the Dungeon.
You were not hungry.

You visited 1 branch of the dungeon, and saw 5 of its levels.

You collected 143 gold pieces.

Inventory:

Hand Weapons
 m - a +2 hand axe of chopping
 n - a +2 trident of venom (weapon)
Armour
 a - a +0 robe (worn)
 f - a scarf of spirit shield
 i - a +0 pair of boots (worn)
 j - a +0 cloak (worn)
Jewellery
 k - a ring of resist corrosion (left hand)
 l - a ring of protection from cold (right hand)
Wands
 g - a wand of digging (22)
Scrolls
 b - a scroll of remove curse {!r, unknown}
 c - 3 scrolls of magic mapping {!r, unknown}
 d - a scroll of random uselessness {!r, unknown}
 e - 2 scrolls of identify {!r, unknown}
 h - a scroll of immolation {!r, unknown}


   Skills:
 - Level 1.5 Dodging
 - Level 1.5 Stealth
 + Level 4.0 Spellcasting
 - Level 0.7 Conjurations
 * Level 4.1 Air Magic


You had 4 spell levels left.
You knew the following spells:

 Your Spells              Type           Power        Failure   Level  Hunger
a - Shock                 Conj/Air       ##..         7%          1    N/A
d - Airstrike             Air            ###.......   32%         4    N/A
z - Swiftness             Chrm/Air       #.......     12%         2    N/A

Your spell library contained the following spells:

 Spells                   Type           Power        Failure   Level  Hunger
 Static Discharge         Conj/Air       ##......     21%         3    N/A
 Lightning Bolt           Conj/Air       ##........   88%         5    N/A

Dungeon Overview and Level Annotations

Branches:
Dungeon (5/15)
 Temple: D:4-7

Altars:
Cheibriados
Gozag
Okawaru

Annotations:
D:3 Robin


Innate Abilities, Weirdness & Mutations

You do not eat or drink.
Your flesh is vulnerable to fire.
You are immune to poison.
Your flesh is cold resistant. (rC+)
You are immune to negative energy. (rN+++)
You are immune to unholy pain and torment.
You can survive without breathing.


Message History

The iguana is moderately wounded.
The iguana bites you!
Unknown command.
Casting: Shock (safe; 7% risk of failure)
Confirm with . or Enter, or press ? or * to list all spells.
Aiming: Shock (safe; 7% risk of failure)
Press: ? - help, Shift-Dir - straight line, f/p - iguana
Aim: an iguana (moderately wounded)
The zap misses the iguana.
The zap hits the iguana.
The iguana is moderately wounded.
The iguana bites you.
* * * LOW HITPOINT WARNING * * *
Unknown command.
Casting: Shock (safe; 7% risk of failure)
Confirm with . or Enter, or press ? or * to list all spells.
Aiming: Shock (safe; 7% risk of failure)
Press: ? - help, Shift-Dir - straight line, f/p - iguana
Aim: an iguana (moderately wounded)
The zap hits the iguana.
The iguana is moderately wounded.
The zap misses the iguana.
The iguana completely misses you.
Unknown command.
Casting: Shock (safe; 7% risk of failure)
Confirm with . or Enter, or press ? or * to list all spells.
Aiming: Shock (safe; 7% risk of failure)
Press: ? - help, Shift-Dir - straight line, f/p - iguana
Aim: an iguana (moderately wounded)
The zap hits the iguana.
The iguana is heavily wounded.
The zap hits the iguana.
The iguana is heavily wounded.
The iguana bites you.
* * * LOW HITPOINT WARNING * * *
Unknown command.
Casting: Shock (safe; 7% risk of failure)
Confirm with . or Enter, or press ? or * to list all spells.
Aiming: Shock (safe; 7% risk of failure)
Press: ? - help, Shift-Dir - straight line, f/p - iguana
Aim: an iguana (heavily wounded)
The zap misses the iguana.
The zap hits the iguana.
The iguana appears unharmed.
The iguana is heavily wounded.
The iguana barely misses you.
Unknown command.
Casting: Shock (safe; 7% risk of failure)
Confirm with . or Enter, or press ? or * to list all spells.
Aiming: Shock (safe; 7% risk of failure)
Press: ? - help, Shift-Dir - straight line, f/p - iguana
Aim: an iguana (heavily wounded)
The zap hits the iguana.
The iguana is severely wounded.
The zap misses the iguana.
The iguana barely misses you.
Unknown command.
Casting: Shock (safe; 7% risk of failure)
Confirm with . or Enter, or press ? or * to list all spells.
Aiming: Shock (safe; 7% risk of failure)
Press: ? - help, Shift-Dir - straight line, f/p - iguana
Aim: an iguana (severely wounded)
The zap hits the iguana.
The iguana appears unharmed.
The iguana is severely wounded.
The zap hits the iguana.
The iguana is severely wounded.
The iguana bites you!
You die...

#.#...#...#.#.
#.#########.#.#
#...........#..
###.#########.##.####
..#.#...#.. #.#.....#
#.#.#.#.#.# #.#)###.#
..#.#.#.#.# #.# #.#
###.###.#.###.#####.#
........#.......@l..#
#######.#.###########
..#...#.#.....#
#.#.#.#.#.###.#
#.#.#.#.#...#.#
#.#.###.#####.# .#
..#...........#..#.
#.#############....
#.# #.........#


You could see an iguana.

Vanquished Creatures
  A howler monkey (D:3)
  An iguana (D:4)
  3 adders (D:3)
  A worm (D:4)
  A dart slug (D:1)
  A leopard gecko (D:4)
  6 orcs
  A ball python (D:3)
  3 goblins
  2 hobgoblins
  2 jackals (D:3)
  A frilled lizard (D:4)
  2 kobolds
  2 rats (D:2)
27 creatures vanquished.

Notes
Turn   | Place    | Note
-------+----------+-------------------------------------------
     0 | D:1      | Amnesiac the Mummy Air Elementalist began the quest for the
                  | Orb.
     0 | D:1      | Reached XP level 1. HP: 13/13 MP: 4/4
   217 | D:3      | Reached XP level 2. HP: 19/19 MP: 2/5
   221 | D:3      | Learned a level 2 spell: Swiftness
   443 | D:3      | Found a snail-covered altar of Cheibriados.
   611 | D:3      | Reached XP level 3. HP: 7/24 MP: 0/7
   844 | D:3      | Reached XP level 4. HP: 30/30 MP: 4/9
   862 | D:3      | Noticed Robin
   948 | D:3      | Learned a level 4 spell: Airstrike
  1193 | D:4      | Found an iron altar of Okawaru.
  1464 | D:5      | Entered Level 5 of the Dungeon
  1508 | D:5      | Found an opulent altar of Gozag.
  1864 | D:4      | Slain by an iguana

Vault maps used:
D:1:      dpeg_arrival_round_c
D:2:      makhleb_heckhound_becter, old_standard_altar,
          grunt_temple_overflow_forces_of_nature, first_ration
D:3:      lemuel_round_altar, trog_book, uniq_robin
D:4:      mumra_celtic_spiral_tile, old_standard_altar, minmay_box_of_dots,
          uniq_natasha
D:5:      nicolae_gozag_cash_rules_everything_around_me,
          hellmonk_ghost_happy_afterlife, serial_shops, shop_fountains

Skill      XL: |  1  2  3  4 |
---------------+-------------+-----
Spellcasting   | 3 4 |  4.0
Air Magic      | 3 4 |  4.1
Dodging        | |  1.5
Stealth        | |  1.5
Conjurations   | |  0.7

Action                   |  1- 3 |  4- 6 || total
-------------------------+-------+-------++-------
Melee: Unarmed           |     3 |     1 ||     4
       Trident           |       |     7 ||     7
 Cast: Shock             |    33 |    37 ||    70
Armor: Robe              |     2 |     1 ||     3
Dodge: Dodged            |    17 |    26 ||    43

Table legend:
 A = Non-vault XP
 B = Vault XP
 C = Vault XP percentage of total XP
 D = Non-vault monster count
 E = Vault monster count
 F = Vault count percentage of total count
                 A         B        C        D         E       F
            +---------+---------+-------+---------+---------+-------
      Total |     172 |       4 |   2.3 |      24 |       3 |  11.1
            +---------+---------+-------+---------+---------+-------
        D:1 |       5 |       0 |   0.0 |       2 |       0 |   0.0
        D:2 |       5 |       2 |  28.6 |       4 |       1 |  20.0
        D:3 |     106 |       1 |   0.9 |      11 |       1 |   8.3
        D:4 |      56 |       1 |   1.8 |       7 |       1 |  12.5
            +---------+---------+-------+---------+---------+-------
